 Dungeon Crawl Stone Soup version 0.28-a0-895-g6e5f11bd55 (webtiles) character file.

Game seed: 15967463939281383584

16 horus123 the Ducker (level 2, -1/18 HPs)
             Began as a Deep Elf Gladiator on Nov 22, 2021.
             Slain by a gnoll (9 damage)
             ... on level 1 of the Dungeon.
             The game lasted 00:00:37 (502 turns).

horus123 the Ducker (Deep Elf Gladiator)             Turns: 502, Time: 00:00:38

Health: -1/18      AC:  4    Str: 11    XL:     2   Next: 41%
Magic:  4/4        EV: 13    Int: 12    God:
Gold:   0          SH:  0    Dex: 16    Spells: 1/1 levels left

rFire   . . .      SeeInvis .   a - +0 long sword
rCold   . . .      Faith    .   (no shield)
rNeg    . . .      Spirit   .   b - +0 leather armour
rPois   .          Reflect  .   c - +0 helmet
rElec   .          Harm     .   (no cloak)
rCorr   .          Rampage  .   (no gloves)
Will    .....                   (no boots)
Stlth   +.........              (no amulet)
HPRegen 0.06/turn               (no ring)
MPRegen 0.09/turn               (no ring)

@: no status effects
A: no striking features
a: no special abilities


You were on level 1 of the Dungeon.
You visited 1 branch of the dungeon, and saw 1 of its levels.

Inventory:

Hand Weapons
 a - a +0 long sword (weapon)
 e - a +2 vampiric dagger
Missiles
 d - 3 throwing nets (quivered)
Armour
 b - a +0 leather armour (worn)
 c - a +0 helmet (worn)


   Skills:
 + Level 2.4 Fighting
 - Level 2.8 Long Blades
 - Level 2.0 Throwing
 - Level 3.6 Dodging


You had one spell level left.
You didn't know any spells.
Your spell library was empty.

Dungeon Overview and Level Annotations

Branches:
Dungeon (1/15)

Altars:

Shops:
D:1 ?


Message History

The kobold misses you. The kobold closely misses you.
You closely miss the kobold.
The kobold is heavily wounded.
The kobold misses you.
You hit the kobold.
You kill the kobold!
No target in view!
An endoplasm and a gnoll come into view.
The gnoll shouts!
Things that are here:
a +2 vampiric dagger; 2 stones A hobgoblin comes into view.
The hobgoblin moves out of view.
You slash the endoplasm!
You kill the endoplasm!
You hit the gnoll.
The gnoll is moderately wounded.
The gnoll closely misses you. The hobgoblin closely misses you.
The hobgoblin closely misses you. The gnoll hits you with a +0 flail!
Ouch! That really hurt!
Things that are here:
a +2 vampiric dagger; 2 stones
e - a +2 vampiric dagger The hobgoblin barely misses you.
You hit the hobgoblin.
You kill the hobgoblin!
You barely miss the gnoll.
The gnoll is moderately wounded.
The gnoll closely misses you.
Your leather armour prevents you from hitting the gnoll.
The gnoll is moderately wounded.
The gnoll closely misses you.
You closely miss the gnoll.
The gnoll is moderately wounded.
The gnoll closely misses you. x2
You barely miss the gnoll.
The gnoll is moderately wounded.
The gnoll hits you with a +0 flail!
Ouch! That really hurt!
You die...

...##..##..###..
#.#.#'##.......
#..≈#.#..##.##.
#.###.###...... #
#.+..∩..+.#.### .##.## #
###.#####.# ......###
#.#≈# #.#
#..(..#########'#####.###
#....g@..............#.
###.####.###...####..#.
#... #.# #...# #...#†
#.#.#. #.# #...# #.#.#.
...........##...# #.#.#.
### #.# ##.......###.#.#.
... #.###.....>..... #.#
#.##...##.......
#.........###...


You could see a gnoll.

Vanquished Creatures
  3 endoplasms (D:1)
  A giant cockroach (D:1)
  3 goblins (D:1)
  2 hobgoblins (D:1)
  2 jackals (D:1)
  A kobold (D:1)
12 creatures vanquished.

Notes
Turn   | Place    | Note
-------+----------+-------------------------------------------
     0 | D:1      | horus123 the Deep Elf Gladiator began the quest for the
                  | Orb.
     0 | D:1      | Reached XP level 1. HP: 12/12 MP: 3/3
   163 | D:1      | Reached XP level 2. HP: 5/17 MP: 4/4
   431 | D:1      | Found Kothraol's Magic Scroll Emporium.
   502 | D:1      | Slain by a gnoll

Illustrated notes

Levels and vault maps discovered:
D:1:      zelgadis_glass_arrival_small, layout_loops_ring, serial_shops,
          nicolae_shop_hallway_plus, glass_columns_b, minivault_14,
          kennysheep_nondescript, grunt_decor_fettered, minivault_5

Skill      XL: |  1 |
---------------+----+-----
Fighting       | 2 |  2.4
Long Blades    | |  2.8
Throwing       | |  2.0
Dodging        | |  3.6

Action                   || total
-------------------------++-------
Melee: Long sword        ||    40
Armor: Leather armour    ||    11
Dodge: Dodged            ||    28

Table legend: (Time is in decaauts)
 A = Elapsed time spent in this place.
 B = Non-inter-level travel time spent in this place.
 C = Inter-level travel time spent in this place.
 D = Time resting spent in this place.
 E = Time spent auto-exploring this place.
 F = Levels seen in this place.
 G = Mean time per level.
                   A        B        C        D        E       F      G
               +--------+--------+--------+--------+--------+-----+--------+
         Total |    512 |    512 |      0 |    242 |    184 |   1 |  512.0 |
       Dungeon |    512 |    512 |      0 |    242 |    184 |   1 |  512.0 |
               +--------+--------+--------+--------+--------+-----+--------+

Top non-repeatable levels by time:
     D:1: 512 daAuts
